TOP OF THE 1ST |
Hialeah Dodos batting - Pitching for Sioux Falls Red Pandas : RHP Paul Addison
|
Pitching: RHP Paul Addison
|
|
Batting: SHB Javier Gonzáles
|
0-0: Ball 1-0: Bunt missed! 1-1: Called Strike 1-2: Strikes out swinging
|
Batting: LHB Jaime Aguilar
|
0-0: Called Strike 0-1: Ground out 4-3 (Groundball, 4)
|
Batting: RHB Andrew Crosby
|
0-0: Ball 1-0: Foul Ball, location: 2F 1-1: Ball 2-1: Foul Ball, location: 2F 2-2: SINGLE (Line Drive, 6D)
|
Batting: LHB Atílio Mansilhas
|
0-0: Ball Andrew Crosby is caught stealing 2nd base
|
Top of the 1st over - 0 runs, 1 hit, 0 errors, 0 left on base; Hialeah 0 - Sioux Falls 0 |
BOTTOM OF THE 1ST |
Sioux Falls Red Pandas batting - Pitching for Hialeah Dodos : RHP Woo-suk Cho
|
Pitching: RHP Woo-suk Cho
|
|
Batting: SHB Jorge Alou
|
0-0: DOUBLE (Line Drive, 9LM)
|
Batting: RHB Miguel Márquez
|
0-0: Foul Ball, location: 2F 0-1: Ball 1-1: Ball 2-1: Swinging Strike 2-2: Ball 3-2: Base on Balls
|
Batting: RHB Miguel Morán
|
0-0: Called Strike 0-1: Swinging Strike 0-2: Fly out, F9 (Flyball, 9S)
|
Batting: RHB Martinus Xhaka
|
0-0: Ball Jorge Alou steals 3rd base 1-0: Called Strike 1-1: Ball 2-1: Called Strike 2-2: Grounds into double play, 6-4-3 (Groundball, 56)
|
Bottom of the 1st over - 0 runs, 1 hit, 0 errors, 1 left on base; Hialeah 0 - Sioux Falls 0 |
TOP OF THE 2ND |
Hialeah Dodos batting - Pitching for Sioux Falls Red Pandas : RHP Paul Addison
|
Batting: LHB Atílio Mansilhas
|
0-0: Called Strike 0-1: Ball 1-1: Ball 2-1: Ball 3-1: Foul Ball, location: 2F 3-2: Base on Balls
|
Batting: LHB Ramón Castro
|
0-0: Called Strike 0-1: Ball 1-1: Ball Atílio Mansilhas steals 2nd base 2-1: Swinging Strike 2-2: Strikes out swinging
|
Batting: RHB Aurelio Álvarez
|
0-0: Ball 1-0: Foul Ball, location: 2F 1-1: Ball 2-1: Ball 3-1: Base on Balls
|
Batting: LHB Errol Levick
|
0-0: Ball 1-0: Called Strike 1-1: Ground out 5-3 (Groundball, 2L) Atílio Mansilhas to third Aurelio Álvarez to second
|
Batting: LHB Kendrick Sullivan
|
0-0: Ball 1-0: SINGLE (Groundball, 56D) Atílio Mansilhas scores Aurelio Álvarez to third Runner from 3rd tries for Home, SAFE, no throw
|
Batting: RHB Robert Emmet Odlum
|
0-0: Ball 1-0: Called Strike 1-1: Ball 2-1: Called Strike 2-2: Strikes out swinging
|
Top of the 2nd over - 2 runs, 1 hit, 0 errors, 1 left on base; Hialeah 2 - Sioux Falls 0 |
BOTTOM OF THE 2ND |
Sioux Falls Red Pandas batting - Pitching for Hialeah Dodos : RHP Woo-suk Cho
|
Batting: RHB Chad Shafer
|
0-0: Called Strike 0-1: Called Strike 0-2: Foul Ball, location: 2F 0-2: Ball 1-2: Ball 2-2: Ball 3-2: Strikes out swinging
|
Batting: SHB Kilipaki Malamapono
|
0-0: Called Strike 0-1: Ball 1-1: Ball 2-1: Foul Ball, location: 2F 2-2: Ball 3-2: Ground out 4-3 (Groundball, 4S)
|
Batting: RHB Jesús Orozco
|
0-0: Ball 1-0: Foul Ball, location: 2F 1-1: Foul Ball, location: 2F 1-2: SINGLE (Line Drive, 89M)
|
Batting: RHB Tony Hernández
|
0-0: Ground out 2-3 (Groundball, 15S)
|
Bottom of the 2nd over - 0 runs, 1 hit, 0 errors, 1 left on base; Hialeah 2 - Sioux Falls 0 |
TOP OF THE 3RD |
Hialeah Dodos batting - Pitching for Sioux Falls Red Pandas : RHP Paul Addison
|
Batting: SHB Javier Gonzáles
|
0-0: Bunted foul 0-1: Swinging Strike 0-2: Strikes out looking
|
Batting: LHB Jaime Aguilar
|
0-0: Ball 1-0: Ball 2-0: Foul Ball, location: 2F 2-1: Ball 3-1: Called Strike 3-2: Ground out 5-3 (Groundball, 56)
|
Batting: RHB Andrew Crosby
|
0-0: Called Strike 0-1: Foul Ball, location: 2F 0-2: Ball 1-2: Ball 2-2: Fly out, F5 (Line Drive, 5)
|
Top of the 3rd over - 0 runs, 0 hits, 0 errors, 0 left on base; Hialeah 2 - Sioux Falls 0 |
BOTTOM OF THE 3RD |
Sioux Falls Red Pandas batting - Pitching for Hialeah Dodos : RHP Woo-suk Cho
|
Batting: RHB António Granados
|
0-0: Fly out, F8 (Line Drive, 8RM)
|
Batting: SHB Jorge Alou
|
0-0: Ball 1-0: Ball 2-0: Ball 3-0: Called Strike 3-1: Called Strike 3-2: Strikes out swinging
|
Batting: RHB Miguel Márquez
|
0-0: Called Strike 0-1: Ball 1-1: Fly out, F8 (Flyball, 8LD)
|
Bottom of the 3rd over - 0 runs, 0 hits, 0 errors, 0 left on base; Hialeah 2 - Sioux Falls 0 |
TOP OF THE 4TH |
Hialeah Dodos batting - Pitching for Sioux Falls Red Pandas : RHP Paul Addison
|
Batting: LHB Atílio Mansilhas
|
0-0: Ball 1-0: Swinging Strike 1-1: Ball 2-1: Foul Ball, location: 2F 2-2: Foul Ball, location: 2F 2-2: Fly out, F8 (Flyball, 8RXD)
|
Batting: LHB Ramón Castro
|
0-0: SINGLE (Groundball, 6M) (infield hit)
|
Batting: RHB Aurelio Álvarez
|
0-0: Swinging Strike 0-1: Foul Ball, location: 2F 0-2: Ball 1-2: Ball 2-2: Ball 3-2: Base on Balls Ramón Castro to second
|
Pitching: LHP Ezio Deodato
|
|
Batting: LHB Errol Levick
|
0-0: Ball 1-0: Ball 2-0: Called Strike 2-1: Ball 3-1: Called Strike 3-2: Foul Ball, location: 2F 3-2: Base on Balls Ramón Castro to third Aurelio Álvarez to second
|
Batting: LHB Kendrick Sullivan
|
0-0: Swinging Strike 0-1: Foul Ball, location: 2F 0-2: Ball 1-2: Fly out, F8 (Flyball, 89XD) Runner from 3rd tags up, SCORES, no throw
|
Batting: RHB Robert Emmet Odlum
|
0-0: Called Strike 0-1: SINGLE (Groundball, 4MS) (infield hit) Aurelio Álvarez to third Errol Levick to second
|
Batting: SHB Javier Gonzáles
|
0-0: Fly out, F8 (Flyball, 8RS)
|
Top of the 4th over - 1 run, 2 hits, 0 errors, 3 left on base; Hialeah 3 - Sioux Falls 0 |
BOTTOM OF THE 4TH |
Sioux Falls Red Pandas batting - Pitching for Hialeah Dodos : RHP Woo-suk Cho
|
Batting: RHB Miguel Morán
|
0-0: Ball 1-0: Fly out, F8 (Flyball, 78D)
|
Batting: RHB Martinus Xhaka
|
0-0: Ball 1-0: Called Strike 1-1: Swinging Strike 1-2: Ball 2-2: SINGLE (Flyball, 7S)
|
Batting: RHB Chad Shafer
|
0-0: Ball 1-0: Called Strike 1-1: Called Strike 1-2: Foul Ball, location: 2F 1-2: Foul Ball, location: 2F 1-2: Ball 2-2: Foul Ball, location: 2F 2-2: Fly out, F9 (Flyball, 9LMF)
|
Batting: SHB Kilipaki Malamapono
|
0-0: Ball 1-0: Ball 2-0: Foul Ball, location: 2F 2-1: Called Strike 2-2: SINGLE (Line Drive, 34) Martinus Xhaka to second
|
Batting: RHB Jesús Orozco
|
0-0: Ball 1-0: Ball 2-0: Called Strike 2-1: Fly out, F4 (Popup, 34)
|
Bottom of the 4th over - 0 runs, 2 hits, 0 errors, 2 left on base; Hialeah 3 - Sioux Falls 0 |
TOP OF THE 5TH |
Hialeah Dodos batting - Pitching for Sioux Falls Red Pandas : LHP Ezio Deodato
|
Batting: LHB Jaime Aguilar
|
0-0: Ball 1-0: Ball 2-0: Ball 3-0: Base on Balls
|
Batting: RHB Andrew Crosby
|
0-0: SINGLE (Flyball, 7S) Jaime Aguilar to second
|
Batting: LHB Atílio Mansilhas
|
0-0: Ball 1-0: Called Strike 1-1: Foul Ball, location: 2F 1-2: SINGLE (Groundball, 34D) Jaime Aguilar to third Andrew Crosby to second Runner from 3rd tries for Home, SAFE, no throw
|
Batting: LHB Ramón Castro
|
0-0: Called Strike 0-1: Ball 1-1: Called Strike 1-2: Foul Ball, location: 2F 1-2: Ball Wild Pitch! Andrew Crosby to third Atílio Mansilhas to second 2-2: Strikes out swinging
|
Batting: RHB Aurelio Álvarez
|
0-0: Called Strike 0-1: Called Strike 0-2: Ball 1-2: Ball 2-2: Ball 3-2: Ground out 5-3 (Groundball, 56S) Andrew Crosby scores Atílio Mansilhas to third
|
Batting: LHB Errol Levick
|
0-0: Ball 1-0: Called Strike 1-1: Foul Ball, location: 2F 1-2: Foul Ball, location: 2F 1-2: Ball 2-2: Ball 3-2: Ground out 4-3 (Groundball, 34)
|
Top of the 5th over - 2 runs, 2 hits, 0 errors, 1 left on base; Hialeah 5 - Sioux Falls 0 |
BOTTOM OF THE 5TH |
Sioux Falls Red Pandas batting - Pitching for Hialeah Dodos : RHP Woo-suk Cho
|
Batting: RHB Tony Hernández
|
0-0: Called Strike 0-1: Ball 1-1: Swinging Strike 1-2: Ball 2-2: Ball 3-2: Base on Balls
|
Batting: RHB António Granados
|
0-0: Ball Tony Hernández steals 2nd base 1-0: Ground out 4-3 (Groundball, 4) Tony Hernández to third
|
Batting: SHB Jorge Alou
|
0-0: Ball 1-0: Swinging Strike 1-1: Ball 2-1: Foul Ball, location: 2F 2-2: Fly out, F8 (Flyball, 8RM) Runner from 3rd tags up, SCORES, no throw
|
Batting: RHB Miguel Márquez
|
0-0: Swinging Strike 0-1: Swinging Strike 0-2: Strikes out looking
|
Bottom of the 5th over - 1 run, 0 hits, 0 errors, 0 left on base; Hialeah 5 - Sioux Falls 1 |
TOP OF THE 6TH |
Hialeah Dodos batting - Pitching for Sioux Falls Red Pandas : LHP Ezio Deodato
|
Batting: LHB Kendrick Sullivan
|
0-0: Ball 1-0: Swinging Strike 1-1: Foul Ball, location: 2F 1-2: Foul Ball, location: 2F 1-2: Foul Ball, location: 2F 1-2: Ball 2-2: Ground out 4-3 (Groundball, 4)
|
Batting: RHB Robert Emmet Odlum
|
0-0: Called Strike 0-1: Fly out, F8 (Flyball, 89D)
|
Batting: SHB Javier Gonzáles
|
0-0: Ground out U3 (Groundball, 3)
|
Top of the 6th over - 0 runs, 0 hits, 0 errors, 0 left on base; Hialeah 5 - Sioux Falls 1 |
BOTTOM OF THE 6TH |
Sioux Falls Red Pandas batting - Pitching for Hialeah Dodos : RHP Woo-suk Cho
|
Batting: RHB Miguel Morán
|
0-0: DOUBLE (Line Drive, 78D)
|
Batting: RHB Martinus Xhaka
|
0-0: Ball 1-0: Ball 2-0: Called Strike 2-1: Foul Ball, location: 2F 2-2: Foul Ball, location: 2F 2-2: Strikes out swinging
|
Batting: RHB Chad Shafer
|
0-0: Foul Ball, location: 2F 0-1: Foul Ball, location: 2F 0-2: Ball 1-2: Ground out 4-3 (Groundball, 4) Miguel Morán to third
|
Batting: SHB Kilipaki Malamapono
|
0-0: Ball 1-0: Ball 2-0: DOUBLE (Flyball, 8RD) Miguel Morán scores
|
Batting: RHB Jesús Orozco
|
0-0: Ground out 4-3 (Groundball, 4)
|
Bottom of the 6th over - 1 run, 2 hits, 0 errors, 1 left on base; Hialeah 5 - Sioux Falls 2 |
TOP OF THE 7TH |
Hialeah Dodos batting - Pitching for Sioux Falls Red Pandas : LHP Ezio Deodato
|
Batting: LHB Jaime Aguilar
|
0-0: Foul Ball, location: 2F 0-1: Called Strike 0-2: Ball 1-2: Foul Ball, location: 2F 1-2: SINGLE (Groundball, 56D)
|
Batting: RHB Andrew Crosby
|
0-0: Ball 1-0: Swinging Strike 1-1: Ball 2-1: Foul Ball, location: 2F 2-2: SINGLE (Groundball, 4S) (infield hit) Jaime Aguilar to second
|
Pitching: RHP Gustavo López
|
|
Batting: LHB Atílio Mansilhas
|
0-0: Grounds into double play, 6-4-3 (Groundball, 6M) Jaime Aguilar to third
|
Batting: LHB Ramón Castro
|
0-0: Ball 1-0: Foul Ball, location: 2F 1-1: Ball 2-1: Ball 3-1: Foul Ball, location: 2F 3-2: Strikes out swinging
|
Top of the 7th over - 0 runs, 2 hits, 0 errors, 1 left on base; Hialeah 5 - Sioux Falls 2 |
BOTTOM OF THE 7TH |
Sioux Falls Red Pandas batting - Pitching for Hialeah Dodos : RHP Woo-suk Cho
|
Batting: RHB Tony Hernández
|
0-0: Called Strike 0-1: Ball 1-1: Ball 2-1: Bunted foul 2-2: Ground out 6-3 (Groundball, 6M)
|
Batting: RHB António Granados
|
0-0: Called Strike 0-1: Foul Ball, location: 2F 0-2: Ball 1-2: Ball 2-2: Ground out 3-1 (Groundball, 34S)
|
Batting: SHB Jorge Alou
|
0-0: Called Strike 0-1: Hit by Pitch
|
Batting: RHB Miguel Márquez
|
0-0: Called Strike 0-1: Ball 1-1: Ball 2-1: Ball 3-1: Foul Ball, location: 2F 3-2: Strikes out swinging, 2-3 out at first.
|
Bottom of the 7th over - 0 runs, 0 hits, 0 errors, 1 left on base; Hialeah 5 - Sioux Falls 2 |
TOP OF THE 8TH |
Hialeah Dodos batting - Pitching for Sioux Falls Red Pandas : RHP Gustavo López
|
Batting: RHB Aurelio Álvarez
|
0-0: Ball 1-0: Fly out, F8 (Flyball, 8RM)
|
Batting: LHB Errol Levick
|
0-0: Called Strike 0-1: Swinging Strike 0-2: Strikes out looking
|
Batting: LHB Kendrick Sullivan
|
0-0: Called Strike 0-1: Ball 1-1: Swinging Strike 1-2: Strikes out swinging
|
Top of the 8th over - 0 runs, 0 hits, 0 errors, 0 left on base; Hialeah 5 - Sioux Falls 2 |
BOTTOM OF THE 8TH |
Sioux Falls Red Pandas batting - Pitching for Hialeah Dodos : RHP Woo-suk Cho
|
Batting: RHB Miguel Morán
|
0-0: Ball 1-0: Ball 2-0: Called Strike 2-1: Fly out, F7 (Line Drive, 7S)
|
Batting: RHB Martinus Xhaka
|
0-0: Foul Ball, location: 2F 0-1: Fly out, F9 (Flyball, 9S)
|
Batting: RHB Chad Shafer
|
0-0: Ball 1-0: Ball 2-0: Called Strike 2-1: Foul Ball, location: 2F 2-2: Ball 3-2: DOUBLE (Line Drive, 9D)
|
Batting: SHB Kilipaki Malamapono
|
0-0: Foul Ball, location: 2F 0-1: Ball 1-1: Swinging Strike 1-2: Ball 2-2: Strikes out swinging
|
Bottom of the 8th over - 0 runs, 1 hit, 0 errors, 1 left on base; Hialeah 5 - Sioux Falls 2 |
TOP OF THE 9TH |
Hialeah Dodos batting - Pitching for Sioux Falls Red Pandas : RHP Gustavo López
|
Batting: RHB Robert Emmet Odlum
|
0-0: Called Strike 0-1: Swinging Strike 0-2: Strikes out looking
|
Batting: SHB Javier Gonzáles
|
0-0: Called Strike 0-1: Ball 1-1: Foul Ball, location: 2F 1-2: Foul Ball, location: 2F 1-2: Ball 2-2: Ball 3-2: Base on Balls
|
Batting: LHB Jaime Aguilar
|
0-0: Ball 1-0: Called Strike 1-1: TRIPLE (Line Drive, 8LXD) Javier Gonzáles scores
|
Batting: RHB Andrew Crosby
|
0-0: 2-RUN HOME RUN (Flyball, 9LD), Distance : 354 ft
|
Batting: LHB Atílio Mansilhas
|
0-0: Called Strike 0-1: Ball 1-1: Ball 2-1: Called Strike 2-2: Ground out 6-3 (Groundball, 6M)
|
Batting: LHB Ramón Castro
|
0-0: Foul Ball, location: 2F 0-1: Swinging Strike 0-2: Strikes out swinging
|
Top of the 9th over - 3 runs, 2 hits, 0 errors, 0 left on base; Hialeah 8 - Sioux Falls 2 |
BOTTOM OF THE 9TH |
Sioux Falls Red Pandas batting - Pitching for Hialeah Dodos : RHP Woo-suk Cho
|
Now at 1B: Júlio Becerra
|
|
Batting: RHB Jesús Orozco
|
0-0: Ball 1-0: Fly out, F7 (Flyball, 7S)
|
Batting: RHB Tony Hernández
|
0-0: Called Strike 0-1: Ball 1-1: Swinging Strike 1-2: Foul Ball, location: 2F 1-2: Ball 2-2: Ground out 4-3 (Groundball, 4)
|
Batting: RHB António Granados
|
0-0: Ball 1-0: Ball 2-0: Ball 3-0: Foul Ball, location: 2F 3-1: Swinging Strike 3-2: Strikes out looking
|
Bottom of the 9th over - 0 runs, 0 hits, 0 errors, 0 left on base; Hialeah 8 - Sioux Falls 2 |
|